 Dungeon Crawl Stone Soup version 0.22-a0-579-gb62a27e (webtiles) character file.

147 royokou the Conjurer (level 5, 0/28 HPs)
             Began as a Deep Elf Conjurer on July 1, 2018.
             Slain by an orc
             ... wielding a +0 trident
              (7 damage)
             ... on level 3 of the Dungeon.
             The game lasted 00:07:54 (2048 turns).

royokou the Conjurer (Deep Elf Conjurer)            Turns: 2048, Time: 00:07:55

Health: 0/28       AC:  3    Str:  5    XL:     5   Next: 8%
Magic:  5/13       EV: 13    Int: 21    God:
Gold:   55         SH:  0    Dex: 15    Spells: 7/13 levels left

rFire    . . .     SeeInvis .   n - -1 dagger (curse)
rCold    . . .     Gourm    .   (no shield)
rNeg     . . .     Faith    .   a - +1 robe
rPois    .         Spirit   .   (no helmet)
rElec    .         Reflect  .   (no cloak)
rCorr    .         Harm     .   (no gloves)
MR       .....                  (no boots)
Stlth    ++........             (no amulet)
HPRegen  0.09/turn              (no ring)
MPRegen  0.13/turn              (no ring)

@: no status effects
A: no striking features
a: no special abilities


You were on level 3 of the Dungeon.
You were hungry.

You visited 1 branch of the dungeon, and saw 3 of its levels.

You collected 55 gold pieces.

Inventory:

Hand Weapons
 d - a +1 dagger
 e - a +0 short sword
 j - a +0 dagger
 l - a +0 dagger
 n - a cursed -1 dagger (weapon)
 p - a +0 short sword
 r - a +0 lajatang
Armour
 a - a +1 robe (worn)
Wands
 k - a wand of scattershot (3)
Scrolls
 f - 2 scrolls of teleportation
 g - a scroll of noise
 q - 2 scrolls of enchant armour
Potions
 b - a potion of curing
 h - a potion of brilliance
 i - 4 potions of heal wounds {unknown}
 m - a potion of lignification
 o - a potion of magic
Comestibles
 c - 2 rations


   Skills:
 - Level 2.4 Dodging
 - Level 2.4 Stealth
 + Level 4.5 Spellcasting
 * Level 6.0 Conjurations
 + Level 2.1 Hexes


You had 7 spell levels left.
You knew the following spells:

 Your Spells              Type           Power        Failure   Level  Hunger
a - Magic Dart            Conj           ####         1%          1    None
b - Searing Ray           Conj           ####..       1%          2    #......
c - Dazzling Spray        Conj/Hex       ###...       6%          3    ##.....

Your spell library contained the following spells:

 Spells                   Type           Power        Failure   Level  Hunger
 Iskenderun's Mystic Bla  Conj           ####....     10%         4    ####...
 Fulminant Prism          Conj/Hex       ###.......   21%         4    ####...
 Force Lance              Conj/Tloc      ###.....     32%         4    ####...


Dungeon Overview and Level Annotations

Branches:
Dungeon (3/15)

Altars:


Message History

Confirm with . or Enter, or press ? or * to list all spells.
Okay, then.
The searing ray misses the orc.
You finish channeling your searing ray.
The orc priest hits you from afar with a trident.
The orc hits you from afar with a trident.
Casting: Searing Ray (safe; 1% risk of failure)
Confirm with . or Enter, or press ? or * to list all spells.
Aiming: Searing Ray (safe; 1% risk of failure)
Press: ? - help, Shift-Dir - straight line, f - orc priest, p - orc
Aim: an orc priest, wielding a trident and wearing a leather armour The searing ray hits the orc priest.
The orc priest is lightly wounded. (Press . to maintain the ray.)
The orc priest hits you from afar with a trident.
* * * LOW HITPOINT WARNING * * *
The searing ray hits the orc priest.
The orc priest is lightly wounded.
You are feeling hungry.
The orc hits you from afar with a trident!
You die...

# .
##############
.............#
############.#
#.#####
#.....#
#####@#
.....o[.#
#####o#.#
..o#.# ### #.#
#.# #.# #.#


You could see an orc priest and 2 orcs.

Vanquished Creatures
  A bullfrog skeleton (D:2)
  4 adders
  A worm (D:2)
  A leopard gecko (D:1)
  10 orcs (D:3)
  3 giant cockroaches
  6 goblins
  6 hobgoblins
  2 jackals (D:1)
  10 kobolds
  3 quokkas (D:2)
  9 bats
  6 frilled lizards
  6 rats
68 creatures vanquished.

Vanquished Creatures (others)
  4 toadstools (D:1)
4 creatures vanquished.

Grand Total: 72 creatures vanquished

Notes
Turn   | Place    | Note
-------+----------+-------------------------------------------
     0 | D:1      | royokou the Deep Elf Conjurer began the quest for the Orb.
     0 | D:1      | Reached XP level 1. HP: 10/10 MP: 6/6
   172 | D:1      | Reached XP level 2. HP: 15/15 MP: 2/8
   176 | D:1      | Learned a level 2 spell: Searing Ray
   302 | D:1      | Reached skill level 5 in Conjurations
   380 | D:1      | You fall through a shaft!
   383 | D:2      | Reached XP level 3. HP: 13/19 MP: 5/10
   558 | D:2      | Learned a level 3 spell: Dazzling Spray
   934 | D:2      | Reached skill level 1 in Hexes
  1102 | D:2      | Reached XP level 4. HP: 24/24 MP: 7/12
  1802 | D:3      | Reached skill level 6 in Conjurations
  1921 | D:3      | Reached XP level 5. HP: 28/28 MP: 10/13
  2048 | D:3      | Slain by an orc

Vault maps used:
D:1:      ldierk_water_garden
D:2:      minmay_liquid_box

Skill      XL: |  1  2  3  4 |
---------------+-------------+-----
Conjurations   | 5 6 |  6.0
Spellcasting   | 4 |  4.5
Hexes          | 1 2 |  2.1
Dodging        | |  2.4
Stealth        | |  2.4

Action                   |  1- 3 |  4- 6 || total
-------------------------+-------+-------++-------
Melee: Dagger            |       |     1 ||     1
 Cast: Magic Dart        |    52 |    29 ||    81
       Searing Ray       |     8 |     8 ||    16
  Use: Scroll            |     4 |     5 ||     9
  Eat: Chunk             |     1 |     2 ||     3
Armor: Robe              |     1 |     1 ||     2
Dodge: Dodged            |     3 |     5 ||     8

Table legend:
 A = Spawn XP
 B = Non-spawn XP
 C = Spawn XP percentage of total XP
 D = Spawn monster count
 E = Non-spawn monster count
 F = Spawn count percentage of total count
 G = Total turns spent on level
                    A         B        C        D         E        F      G
               +---------+---------+-------+---------+---------+-------+---------
         Total |       0 |     211 |   0.0 |       0 |      68 |   0.0 |  2048
               +---------+---------+-------+---------+---------+-------+---------
           D:1 |       0 |      30 |   0.0 |       0 |      19 |   0.0 |   380
           D:2 |       0 |     125 |   0.0 |       0 |      30 |   0.0 |  1131
           D:3 |       0 |      56 |   0.0 |       0 |      19 |   0.0 |   537
               +---------+---------+-------+---------+---------+-------+---------
